Map: Ley Lines

Players

Vaisravana - Winner!

  • Race: Zerg Zerg
  • Spawn Location: 7:00

A.I. 2 (Very Easy)

  • Race: Protoss Protoss
  • Spawn Location: 1:00

VOD

Have the link to the VOD?

Description

Time

  • Played on: May 9, 2025, 1:12 p.m.
  • Length: 5:11
Show
View Real Time Build Order
Export as new Build Order

Vaisravana Zerg - Winner!

Build Orders: Pool First 

Get SALT Encoding   

  12  0:00  Drone  
  13  0:12  Overlord  
  13  0:17  Drone  
  14  0:30  Drone x2  
  16  0:41  Spawning Pool  
  15  0:44  Drone  
  15  0:48  Drone  
  17  1:09  Hatchery  
  17  1:10  Drone  
  17  1:12  Extractor  
  16  1:29  Zergling x6  
  19  1:34  Queen  
  21  1:42  Drone  
  22  1:50  Overlord  
  22  2:10  Queen  
  22  2:12  Metabolic Boost  
  24  2:23  Zergling x2  
  24  2:24  Zergling x6  
  27  2:33  Zergling x2  
  27  2:35  Zergling x2  
  29  2:43  Zergling x6  
  32  2:45  Zergling x2  
  33  2:55  Zergling x2  
  33  2:56  Zergling x2  
  35  3:03  Overlord  
  35  3:23  Drone x6  
  41  3:30  Drone x2  
  43  3:42  Lair  
  43  3:46  Drone  
  43  3:47  Drone  
  43  3:58  Extractor  
  43  3:59  Extractor  
  43  4:00  Extractor, Drone x2  
  43  4:02  Drone  
  43  4:04  Overlord  
  43  4:16  Overlord  
  43  4:23  Drone x5  
  47  4:24  Drone  
  48  4:38  Drone x5  
  53  4:44  Spire  
Show
View Real Time Build Order
Export as new Build Order

A.I. 2 (Very Easy) Protoss 

Build Orders: 1 Gate Expand, Nexus First 

Get SALT Encoding   

  12  0:00  Probe  
  13  0:13  Probe  
  14  0:19  Pylon  
  14  0:42  Gateway  
  14  1:01  Nexus  
  14  1:18  Pylon  
  14  1:20  Zealot  
  14  1:24  Assimilator  
  16  1:36  Cybernetics Core, Probe  
  17  1:49  Probe  
  18  1:59  Assimilator, Probe  
  18  2:07  Probe  
  19  2:10  Stalker  
  19  2:14  Probe  
  22  2:20  Warp Gate  
  22  2:22  Probe  
  23  2:29  Probe  
  23  2:40  Zealot, Probe  
  26  2:55  Probe  
  26  2:57  Assimilator  
  27  3:00  Pylon  
  27  3:03  Probe  
  28  3:06  Probe  
  29  3:17  Probe  
  30  3:22  Robotics Facility  
  30  3:23  Probe  
  31  3:35  Probe  
  20  3:43  Probe  
  17  3:50  Zealot, Probe  
  18  4:05  Observer  
  16  4:13  Probe  
  5  4:17  Observer  
  6  4:25  Zealot, Probe  
Tags
 
Add a new tag
Caveats
  • Supply blocks, unpowered buildings, or Contaminate may cause inaccurate times.
  • Supply counts are checked every 10 seconds.